 Dungeon Crawl Stone Soup version 0.22-a0-281-g2e20325899 (webtiles) character file.

56 Ikesh the Sneak (level 3, 0/17 HPs)
             Began as a Spriggan Enchanter on Mar 17, 2018.
             Succumbed to an adder's poison
             ... on level 2 of the Dungeon.
             The game lasted 00:07:10 (1407 turns).

Ikesh the Sneak (Spriggan Enchanter)                Turns: 1407, Time: 00:07:11

Health: 0/17       AC:  2    Str:  1 (4)  XL:     3   Next: 69%
Magic:  6/9        EV: 18    Int: 19 (22) God:
Gold:   41         SH:  0    Dex: 15 (16) Spells: 3/9 levels left

rFire    . . .     SeeInvis +   a - +1 dagger
rCold    . . .     Gourm    .   (shield restricted)
rNeg     + . .     Faith    .   b - +0 robe
rPois    .         Spirit   .   (helmet restricted)
rElec    .         Reflect  .   (no cloak)
rCorr    .         Harm     .   (gloves unavailable)
MR       .....                  (boots unavailable)
Stlth    +++.......             (no amulet)
HPRegen  0.05/turn              g - ring of positive energy
MPRegen  0.11/turn              (no ring)

@: brilliant, lethally poisoned (0 -> -13), flying, very slightly contaminated,
hasted, invisible, very quick
A: very small, unfitting armour, see invisible, herbivore, speed 3, slow
metabolism 2
a: no special abilities


You were on level 2 of the Dungeon.
You were not hungry.

You visited 1 branch of the dungeon, and saw 2 of its levels.

You collected 41 gold pieces.

Inventory:

Hand Weapons
 a - a +1 dagger (weapon)
Armour
 b - a +0 robe (worn)
Jewellery
 g - a ring of positive energy (left hand)
Scrolls
 c - 2 scrolls of teleportation
 h - 3 scrolls of remove curse
 k - a scroll of enchant armour {unknown}
Comestibles
 d - a ration


   Skills:
 + Level 0.8 Fighting
 + Level 1.8 Short Blades
 + Level 3.5 Dodging
 + Level 4.9 Stealth
 * Level 3.5 Spellcasting
 + Level 4.0 Hexes


You had 3 spell levels left.
You knew the following spells:

 Your Spells              Type           Power        Failure   Level  Hunger
a - Corona                Hex            ####...      1%          1    None
b - Ensorcelled Hibernat  Hex/Ice        ###...       1%          2    ##.....
c - Confuse               Hex            ####....     1%          3    ###....


Dungeon Overview and Level Annotations

Branches:
Dungeon (2/15)

Altars:


Innate Abilities, Weirdness & Mutations

You are very small and have problems with some larger weapons.
You are too small for most types of armour.
You have supernaturally acute eyesight. (SInv)
You are a herbivore.
You cover ground extremely quickly.
You need to consume almost no food.


Message History

You feel sick. The adder misses you.
You hit the adder.
The adder is moderately wounded.
* * * LOW HITPOINT WARNING * * *
You feel sick. The adder closely misses you.
It was a potion of brilliance.
You feel clever all of a sudden.
* * * LOW HITPOINT WARNING * * *
You feel sick. The adder misses you.
It was a potion of haste.
You feel yourself speed up.
* * * LOW HITPOINT WARNING * * *
You feel sick. The adder barely misses you.
It was a potion of degeneration.
There was something very wrong with that liquid.
You feel weakened.
You feel dopey.
You feel clumsy. The adder completely misses you.
It was a potion of flight.
You feel very buoyant.
You fly up into the air.
You die...

#.#################...#
#.# #..........#... #.#
#.########.#.## #.#
#... #.#.. #.# #..###
#.#.## #.# #.>..# #.#..
#.# #....###.#.###
#.########......<.#.#
#....).@SS...##### .#
#########.#......
#.#..#### #.#....
..#.#... ###.(....
##.###


You could see 2 adders.

Vanquished Creatures
  3 adders (D:2)
  A leopard gecko (D:2)
  A giant cockroach (D:1)
  2 goblins (D:1)
  3 hobgoblins
  A quokka (D:2)
  3 ball pythons
  5 bats
  6 frilled lizards
  A kobold (D:1)
  5 rats (D:1)
31 creatures vanquished.

Notes
Turn   | Place    | Note
-------+----------+-------------------------------------------
     0 | D:1      | Ikesh the Spriggan Enchanter began the quest for the Orb.
     0 | D:1      | Reached XP level 1. HP: 9/9 MP: 5/5
   368 | D:1      | Reached XP level 2. HP: 13/13 MP: 6/6
   373 | D:1      | Learned a level 2 spell: Ensorcelled Hibernation
   864 | D:2      | Reached XP level 3. HP: 11/17 MP: 3/8
  1288 | D:2      | Learned a level 3 spell: Confuse
  1407 | D:2      | Succumbed to an adder's poison

Vault maps used:
D:1:      mushboom_english_gardens

Skill      XL: |  1  2  3 |
---------------+----------+-----
Spellcasting   | 3 |  3.5
Hexes          | 4 |  4.0
Fighting       | |  0.8
Short Blades   | |  1.8
Dodging        | |  3.5
Stealth        | |  4.9

Action                   || total
-------------------------++-------
Melee: Dagger            ||    77
 Cast: Corona            ||     5
       Ensorcelled Hiber ||    19
  Use: Scroll            ||     3
       Potion            ||     6
 Stab: Sleeping          ||    16
Armor: Robe              ||     5
Dodge: Dodged            ||    58

Table legend:
 A = Spawn XP
 B = Non-spawn XP
 C = Spawn XP percentage of total XP
 D = Spawn monster count
 E = Non-spawn monster count
 F = Spawn count percentage of total count
 G = Total turns spent on level
                    A         B        C        D         E        F      G
               +---------+---------+-------+---------+---------+-------+---------
         Total |       0 |      80 |   0.0 |       0 |      31 |   0.0 |  1407
               +---------+---------+-------+---------+---------+-------+---------
           D:1 |       0 |      27 |   0.0 |       0 |      20 |   0.0 |   776
           D:2 |       0 |      53 |   0.0 |       0 |      11 |   0.0 |   631
               +---------+---------+-------+---------+---------+-------+---------
